 Dungeon Crawl Stone Soup version 0.31-a0-198-g2ad674f65e (webtiles) character file.

Game seed: 4697264105210375248

95 qw the Shooter (level 4, -6/25 HPs)
             Began as a Deep Elf Hunter on June 25, 2023.
             Mangled by Terence
             ... wielding a +0 falchion
              (8 damage)
             ... on level 3 of the Dungeon.
             The game lasted 00:00:38 (1975 turns).

qw the Shooter (Deep Elf Hunter)                    Turns: 1975, Time: 00:00:39

Health: -6/25      AC:  5    Str: 10    XL:     4   Next: 40%
Magic:  6/6        EV: 11    Int: 14    God:
Gold:   104        SH:  0    Dex: 18    Spells: 3/3 levels left

rFire   . . .        Y - +1 shortbow
rCold   . . .        (shield currently unavailable)
rNeg    . . .        e - +0 ring mail
rPois   .            (no helmet)
rElec   .            (no cloak)
rCorr   .            (no gloves)
SInv    .            (no boots)
Will    .....        (no amulet)
Stlth   +            (no ring)
HPRegen 0.24/turn    (no ring)
MPRegen 0.10/turn

%: no passive effects
@: no status effects
A: no striking features
a: no special abilities


You were on level 3 of the Dungeon.
You visited 1 branch of the dungeon, and saw 3 of its levels.

You collected 104 gold pieces.


   Skills:
 - Level 1.5 Fighting
 + Level 7.8 Ranged Weapons
 - Level 2.4 Dodging
 - Level 1.2 Stealth


You had 3 spell levels left.
You didn't know any spells.
Your spell library was empty.

Inventory:

Hand Weapons
 Y - a +1 shortbow (weapon)
Armour
 e - a +0 ring mail (worn)
Scrolls
 a - a scroll of acquirement {unknown}
Potions
 b - a potion of curing {unknown}
 d - a potion of enlightenment
 h - a potion of might {unknown}

Dungeon Overview and Level Annotations

Branches:
Dungeon (3/15)

Altars:

Shops:
D:2 [

Annotations:
D:3 Terence


Message History

You shoot an arrow.
The arrow hits Terence but does no damage.
Terence is moderately wounded.
Terence bares his teeth.
Terence hits you but does no damage.
You shoot an arrow.
The arrow hits Terence but does no damage.
Terence is moderately wounded.
Terence hits you with a +0 falchion!
You shoot an arrow. The arrow hits Terence.
Terence is heavily wounded.
Terence hits you with a +0 falchion.
You shoot an arrow.
The arrow hits Terence but does no damage.
Terence is heavily wounded.
Terence hits you with a +0 falchion!
You shoot an arrow. The arrow closely misses Terence.
Terence closely misses you. Terence hits you with a +0 falchion.
You shoot an arrow. The arrow hits Terence.
Terence is heavily wounded.
Terence closely misses you.
You shoot an arrow.
The arrow hits Terence but does no damage.
Terence is heavily wounded.
Terence hits you with a +0 falchion.
You shoot an arrow.
The arrow hits Terence but does no damage.
Terence is heavily wounded.
Terence hits you with a +0 falchion.
You shoot an arrow. The arrow closely misses Terence.
Terence barely misses you.
You shoot an arrow.
The arrow hits Terence but does no damage.
Terence is heavily wounded.
Terence hits you with a +0 falchion.
You shoot an arrow.
The arrow hits Terence but does no damage.
Terence is heavily wounded.
Terence hits you with a +0 falchion!
You die...

#.##.#
#.##.#
#.##.#
#.##.#
#.##.# #.#
#.# #.# #@#
#....@b...=.
####.####...
#.. ###


You could see Terence and a bat.

Vanquished Creatures
  4 gnolls (D:2)
  A worm (D:2)
  2 dart slugs
  5 orcs
  5 endoplasms
  A giant cockroach (D:2)
  6 goblins
  8 hobgoblins
  A ball python (D:1)
  3 bats
  4 frilled lizards
  A kobold (D:2)
  3 rats (D:2)
44 creatures vanquished.

Notes
Turn   | Place    | Note
-------+----------+-------------------------------------------
     0 | D:1      | qw the Deep Elf Hunter began the quest for the Orb.
     0 | D:1      | Reached XP level 1. HP: 12/12 MP: 3/3
     0 | D:1      | 0 ||| qw: Version: 0.3-a-22-g0ed2b0b
     0 | D:1      | 0 ||| qw: Game counter: 5109
     0 | D:1      | 0 ||| qw: Melee chars always use a shield: true
     0 | D:1      | 0 ||| qw: God list: Okawaru
     0 | D:1      | 0 ||| qw: Allow faded altars: false
     0 | D:1      | 0 ||| qw: Do Orc after clearing Dungeon:15 true
     0 | D:1      | 0 ||| qw: Do second Lair branch before Depths: true
     0 | D:1      | 0 ||| qw: Lair rune preference: random
     0 | D:1      | 0 ||| qw: Goals: Normal
     0 | D:1      | 0 ||| PLANNING D:1-11
   232 | D:1      | Reached XP level 2. HP: 16/16 MP: 4/4
   234 | D:1      | Reached skill level 6 in Ranged Weapons
   847 | D:1      | 847 ||| UPGRADING to +0 ring mail.
   857 | D:1      | 857 ||| DROPPING +0 leather armour.
   858 | D:1      | 858 ||| READING scroll labelled GAJABO MIQYSM.
   863 | D:1      | 863 ||| DRINKING 2 cyan potions.
   864 | D:1      | 864 ||| DROPPING scroll of butterflies.
   986 | D:2      | Found Vaenocsaro's Armour Shop.
  1003 | D:2      | 1003 ||| SHOPLISTING +0 cloak (63 gold, have 56).
  1003 | D:2      | 1003 ||| SHOPLISTING +2 leather armour of fire resistance
                  | (266 gold, have 56).
  1007 | D:2      | Reached XP level 3. HP: 20/20 MP: 5/5
  1414 | D:2      | Reached skill level 7 in Ranged Weapons
  1442 | D:2      | Reached XP level 4. HP: 25/25 MP: 6/6
  1449 | D:2      | 1449 ||| FLEEEEING.
  1450 | D:2      | 1450 ||| FLEEEEING.
  1451 | D:2      | 1451 ||| FLEEEEING.
  1452 | D:2      | 1452 ||| FLEEEEING.
  1453 | D:2      | 1453 ||| FLEEEEING.
  1454 | D:2      | 1454 ||| FLEEEEING.
  1455 | D:2      | 1455 ||| FLEEEEING.
  1456 | D:2      | 1456 ||| FLEEEEING.
  1457 | D:2      | 1457 ||| FLEEEEING.
  1458 | D:2      | 1458 ||| FLEEEEING.
  1459 | D:2      | 1459 ||| FLEEEEING.
  1460 | D:2      | 1460 ||| FLEEEEING.
  1461 | D:2      | 1461 ||| FLEEEEING.
  1462 | D:2      | 1462 ||| FLEEEEING.
  1463 | D:2      | 1463 ||| FLEEEEING.
  1464 | D:2      | 1464 ||| FLEEEEING.
  1465 | D:2      | 1465 ||| FLEEEEING.
  1466 | D:2      | 1466 ||| FLEEEEING.
  1467 | D:2      | 1467 ||| FLEEEEING.
  1834 | D:2      | 1834 ||| READING scroll labelled QOUGGE RIMAL.
  1835 | D:2      | 1835 ||| READING scroll labelled PEICZI AX GIS.
  1836 | D:2      | 1836 ||| READING scroll labelled FOOGIV ONOUGGE.
  1837 | D:2      | 1837 ||| READING scroll labelled UJORUXK OTAR.
  1838 | D:2      | 1838 ||| DRINKING 2 emerald potions.
  1839 | D:2      | 1839 ||| DROPPING potion of attraction.
  1888 | D:3      | 1888 ||| STAIRDANCE
  1962 | D:3      | Noticed Terence
  1969 | D:3      | HP: 5/25 [Terence/+0 falchion (2)]
  1974 | D:3      | HP: 2/25 [Terence/+0 falchion (2)]
  1975 | D:3      | Mangled by Terence

Levels and vault maps discovered:
D:1:      kilobyte_arrival_exit_the_forest, layout_loops_ring
D:2:      layout_basic, serial_shops, nicolae_shop_waterfront,
          kennysheep_path_1, minivault_26
D:3:      layout_loops_ring, serial_shops, shop, uniq_terence

Skill      XL: |  1  2  3 |
---------------+----------+-----
Ranged Weapons | 6 7 |  7.8
Fighting       | |  1.5
Dodging        | |  2.4
Stealth        | |  1.2

Action                     |  1- 3 |  4- 6 || total
---------------------------+-------+-------++-------
   Fire: Shortbow          |    95 |    39 ||   134
    Use: Scroll            |     1 |     4 ||     5
         Potion            |     1 |     1 ||     2
 Armour: Leather armour    |     3 |       ||     3
         Ring mail         |     3 |     7 ||    10
  Dodge: Dodged            |    21 |     9 ||    30

Table legend:
 A = Non-vault XP
 B = Vault XP
 C = Vault XP percentage of total XP
 D = Non-vault monster count
 E = Vault monster count
 F = Vault count percentage of total count
                 A         B        C        D         E       F
            +---------+---------+-------+---------+---------+-------
      Total |     137 |       0 |   0.0 |      44 |       0 |   0.0
            +---------+---------+-------+---------+---------+-------
        D:1 |      29 |       0 |   0.0 |      16 |       0 |   0.0
        D:2 |      95 |       0 |   0.0 |      23 |       0 |   0.0
        D:3 |      13 |       0 |   0.0 |       5 |       0 |   0.0
            +---------+---------+-------+---------+---------+-------
